 Dungeon Crawl Stone Soup version 0.22-a0-322-g60b3cfd (webtiles) character file.

178 tilp the Chiller (level 5, 0/38 HPs)
             Began as a Merfolk Ice Elementalist on Apr 5, 2018.
             Slain by an orc warrior
             ... wielding a +0 halberd
              (22 damage)
             ... on level 3 of the Dungeon.
             The game lasted 00:10:12 (4367 turns).

tilp the Chiller (Merfolk Ice Elementalist)         Turns: 4367, Time: 00:10:13

Health: 0/38       AC:  3    Str:  9    XL:     5   Next: 58%
Magic:  4/8        EV: 18    Int: 15    God:
Gold:   184        SH:  0    Dex: 19    Spells: 2/8 levels left

rFire    . . .     SeeInvis .   a - +1 dagger
rCold    . . .     Gourm    .   (no shield)
rNeg     . . .     Faith    .   b - +0 robe
rPois    .         Spirit   .   (no helmet)
rElec    .         Reflect  .   (no cloak)
rCorr    .         Harm     .   i - +0 pair of gloves (curse)
MR       .....                  (no boots)
Stlth    +++.......             (no amulet)
HPRegen  0.12/turn              (no ring)
MPRegen  0.11/turn              (no ring)

@: agile
A: change form in water, swift swim, stealthy swim
a: no special abilities


You were on level 3 of the Dungeon.
You were not hungry.

You visited 1 branch of the dungeon, and saw 3 of its levels.

You collected 184 gold pieces.

Inventory:

Hand Weapons
 a - a +1 dagger (weapon)
 d - a +0 club
 g - a +0 hunting sling
 t - a +0 hand axe of freezing
Missiles
 f - 63 stones
 r - 5 tomahawks (quivered)
Armour
 b - a +0 robe (worn)
 i - a cursed +0 pair of gloves (worn)
 u - a +2 leather armour of cold resistance
Scrolls
 e - 5 scrolls of enchant weapon
 j - 2 scrolls of remove curse
 l - 2 scrolls of magic mapping
 p - a scroll of fear
Potions
 k - 2 potions of curing
 m - a potion of heal wounds {unknown}
 n - a potion of might {unknown}
 o - a potion of haste {unknown}
 q - a potion of agility
 s - a potion of mutation {unknown}
Comestibles
 c - 5 rations
 h - 7 chunks of flesh


   Skills:
 + Level 2.1 Fighting
 - Level 2.6 Dodging
 - Level 2.1 Stealth
 - Level 2.0 Spellcasting
 - Level 0.7 Conjurations
 - Level 6.2 Ice Magic


You had 2 spell levels left.
You knew the following spells:

 Your Spells              Type           Power        Failure   Level  Hunger
a - Freeze                Ice            ###.         1%          1    #......
b - Throw Frost           Conj/Ice       ##....       9%          2    ###....
c - Ozocubu's Armour      Chrm/Ice       ##......     19%         3    ###....


Dungeon Overview and Level Annotations

Branches:
Dungeon (3/15)

Altars:
Kikubaaqudgha
Okawaru
Uskayaw
Vehumet
Wu Jian
The Shining One


Message History

A film of ice covers your body!
You feel agile all of a sudden.
Throwing (i - inventory. (/) - cycle)
r - 6 tomahawks (quivered)
Press: ? - help, Shift-Dir - straight line, f - orc warrior
Aim: an orc warrior, wielding a halberd and wearing a runed plate armour You throw a tomahawk.
The tomahawk closely misses the orc warrior.
The orc warrior hits you from afar with a halberd!
Your icy armour cracks and falls away as you move.
The orc warrior barely misses you.
Casting: Ozocubu's Armour (safe; 19% risk of failure)
Confirm with . or Enter, or press ? or * to list all spells.
Aiming: Freeze (safe; 1% risk of failure)
Press: ? - help, Shift-Dir - straight line, f/p - orc warrior
Aim: an orc warrior, wielding a halberd and wearing a runed plate armour You freeze the orc warrior.
The orc warrior resists.
The orc warrior is lightly wounded.
The orc warrior hits you with a halberd!!
Ouch! That really hurt!
You die...

# #.. # ##########
#.# # #......).## #.#
# #
#.#####..)###.#####.#
# ##.###.##.#..... #
##.## ##.#.#..## #
#..# #.#.....#.# # #
#..## #..@o#....# #
#.##.#.###.##.......#
# #.........#
####.#### #
####.###### # #
###.###### .# #
#........# #'## #
#.#...##.# ##...## #
#.###.##.####.....##
#
#.#.......##.......##


You could see an orc warrior.

Vanquished Creatures
  An orc priest (D:3)
  2 orc wizards (D:3)
  2 adders (D:3)
  A worm (D:3)
  A dart slug (D:1)
  3 leopard geckos
  4 orcs (D:3)
  2 bats (D:3)
  2 giant cockroaches (D:1)
  11 goblins
  8 hobgoblins
  8 jackals (D:2)
  9 kobolds
  A quokka (D:3)
  2 frilled lizards (D:1)
  6 rats
63 creatures vanquished.

Vanquished Creatures (others)
  A leopard gecko (D:2)
1 creature vanquished.

Grand Total: 64 creatures vanquished

Notes
Turn   | Place    | Note
-------+----------+-------------------------------------------
     0 | D:1      | tilp the Merfolk Ice Elementalist began the quest for the Orb.
     0 | D:1      | Reached XP level 1. HP: 13/13 MP: 3/3
   410 | D:1      | Reached XP level 2. HP: 19/19 MP: 5/5
   417 | D:1      | Learned a level 2 spell: Throw Frost
   449 | D:1      | Reached skill level 4 in Ice Magic
  1057 | D:1      | Reached XP level 3. HP: 16/24 MP: 3/6
  1062 | D:1      | Learned a level 3 spell: Ozocubu's Armour
  2291 | D:2      | Reached skill level 5 in Ice Magic
  2624 | D:2      | Found a radiant altar of Vehumet.
  3081 | D:3      | Noticed an orc warrior
  3181 | D:3      | Reached XP level 4. HP: 23/30 MP: 0/7
  3256 | D:3      | Found a glowing golden altar of the Shining One.
  3821 | D:3      | Found an iron altar of Okawaru.
  3821 | D:3      | Found an ancient bone altar of Kikubaaqudgha.
  3822 | D:3      | Found a hide-covered altar of Uskayaw.
  3822 | D:3      | Found an ornate altar of the Wu Jian Council.
  4163 | D:3      | Reached skill level 6 in Ice Magic
  4163 | D:3      | Reached XP level 5. HP: 27/35 MP: 2/8
  4172 | D:3      | Reached skill level 1 in Fighting
  4367 | D:3      | Slain by an orc warrior

Vault maps used:
D:1:      nagdon_arrival_double_spiral
D:2:      fiery_altar_vehumet, first_ration
D:3:      tso_oasis_becter, chequers_temple_overflow_statue_of_worship,
          minmay_misc_feat_columns

Skill      XL: |  1  2  3  4  5 |
---------------+----------------+-----
Ice Magic      | 4 5 6 |  6.2
Fighting       | 2 |  2.1
Dodging        | |  2.6
Stealth        | |  2.1
Spellcasting   | |  2.0
Conjurations   | |  0.7

Action                   |  1- 3 |  4- 6 || total
-------------------------+-------+-------++-------
Melee: Dagger            |    90 |    43 ||   133
Throw: Tomahawk          |     3 |     1 ||     4
       Stone             |     2 |       ||     2
 Cast: Freeze            |    52 |    30 ||    82
       Ozocubu's Armour  |     5 |     3 ||     8
       Throw Frost       |       |     2 ||     2
  Use: Scroll            |     4 |     1 ||     5
       Potion            |       |     1 ||     1
 Stab: Sleeping          |     2 |     3 ||     5
       Distracted        |     1 |       ||     1
  Eat: Chunk             |     7 |     3 ||    10
       Ration            |       |     1 ||     1
Armor: Robe              |    29 |    13 ||    42
Dodge: Dodged            |    94 |    30 ||   124

Table legend:
 A = Spawn XP
 B = Non-spawn XP
 C = Spawn XP percentage of total XP
 D = Spawn monster count
 E = Non-spawn monster count
 F = Spawn count percentage of total count
 G = Total turns spent on level
                    A         B        C        D         E        F      G
               +---------+---------+-------+---------+---------+-------+---------
         Total |       0 |     255 |   0.0 |       0 |      63 |   0.0 |  4367
               +---------+---------+-------+---------+---------+-------+---------
           D:1 |       0 |      43 |   0.0 |       0 |      23 |   0.0 |  1676
           D:2 |       0 |      30 |   0.0 |       0 |      17 |   0.0 |  1250
           D:3 |       0 |     182 |   0.0 |       0 |      23 |   0.0 |  1441
               +---------+---------+-------+---------+---------+-------+---------
